 Dungeon Crawl Stone Soup version 0.18.1-48-g4cf74bf (webtiles) character file.

332 Duraxyll the Skirmisher (level 6, 0/73 HPs)
             Began as a Human Berserker on Sept 12, 2016.
             Was a Believer of Trog.
             Engulfed by a cloud of steam (4 damage)
             ... on level 4 of the Dungeon.
             The game lasted 00:18:42 (2682 turns).

Duraxyll the Skirmisher (Human Berserker)           Turns: 2682, Time: 00:18:43

Health: 0/73       AC:  8    Str: 24    XL:     6   Next: 82%
Magic:  6/6        EV: 19    Int:  7    God:    Trog [**....]
Gold:   164        SH:  0    Dex: 13    Spells: 0 memorised, 5 levels left

rFire  . . .     SeeInvis .     u - +3 mace
rCold  . . .     Gourm    .     h - +2 ring mail {MR+}
rNeg   . . .     Faith    .     (no shield)
rPois  .         Spirit   .     (no helmet)
rElec  .         Dismiss  .     (no cloak)
rCorr  .         Reflect  .     (no gloves)
SustAt .         Harm     .     x - +0 pair of boots
MR     +....                    (no amulet)
Stlth  ..........               (no ring)
                                t - +6 ring of evasion

@: berserking (expiring), very quick, somewhat resistant to hostile
enchantments, extremely unstealthy
A: no striking features
a: Berserk, Trog's Hand, Burn Spellbooks, Renounce Religion


You were on level 4 of the Dungeon.
You worshipped Trog.
Trog was pleased with you.
You were not hungry.

You visited 1 branch of the dungeon, and saw 4 of its levels.

You collected 164 gold pieces.

Inventory:

Hand Weapons
 a - a +0 falchion
 g - a +2 hunting sling of freezing
 u - a +3 mace (weapon)
Missiles
 i - 79 stones (quivered)
Armour
 h - a +2 ring mail of magic resistance (worn)
 x - a +0 pair of boots (worn)
 B - a +0 ring mail
Jewellery
 t - a +6 ring of evasion (left hand)
 D - a cursed -6 ring of strength {unknown}
Wands
 b - a wand of random effects (25/48)
Scrolls
 d - 3 scrolls of amnesia {unknown}
 f - a scroll of blinking {unknown}
 m - a scroll of enchant armour {unknown}
 q - 2 scrolls of remove curse {unknown}
 r - 2 scrolls of random uselessness {unknown}
 y - 5 scrolls of identify {unknown}
 C - a scroll of teleportation {unknown}
Potions
 e - a potion of degeneration {unknown}
 n - a potion of haste {unknown}
 o - a potion of ambrosia {unknown}
 p - a potion of agility {unknown}
 s - 2 potions of might {unknown}
 v - a potion of invisibility {unknown}
 z - a potion of lignification {unknown}
 A - 3 potions of curing {unknown}
Miscellaneous
 l - a plain deck of summoning
Comestibles
 c - 2 bread rations


   Skills:
 + Level 4.5 Fighting
 + Level 3.7 Long Blades
 + Level 1.8 Maces & Flails
 + Level 2.8 Armour
 + Level 4.1 Dodging
 + Level 1.2 Stealth


You had 5 spell levels left.
You didn't know any spells.

Dungeon Overview and Level Annotations

Branches:
Dungeon (4/15)
 Temple: D:4-7

Altars:
Nemelex Xobeh
Qazlal
Trog
Xom


Message History

You are engulfed in a cloud of scalding steam.
* * * LOW HITPOINT WARNING * * *
The steam dragon completely misses you.
The steam dragon claws you but does no damage.
You sock the steam dragon!
The steam dragon is almost dead.
You are engulfed in a cloud of scalding steam.
The quokka misses you.
You barely miss the steam dragon.
The steam dragon is almost dead.
The steam dragon breathes steam at you. The ball of steam hits you!
* * * LOW HITPOINT WARNING * * *
The quokka misses you.
You sock the steam dragon!
You kill the steam dragon!
Trog accepts your kill.
Your Dodging skill increases to level 4!
You are engulfed in a cloud of scalding steam.
You die...

#...#####
#.......#
#..>....'
#.......#
#.......# #.# #
###########.#.#
#........##'#.#
#.......O..@..#
#..........r..#
##.............#
#...)####......#
#....#
#......'..
#....#
#......#...
#....#
####'###....
#....#### #.#
... #....†..#
#.# ##


You could see an ogre and a quokka.

Vanquished Creatures
  A steam dragon (D:4)
  A centaur skeleton (D:4)
  Terence (D:2)
  A howler monkey skeleton (D:4)
  6 adders
  An ooze (D:1)
  A worm (D:3)
  A dart slug (D:1)
  2 giant geckos
  3 orcs
  7 giant cockroaches
  6 goblins
  5 hobgoblins
  4 jackals (D:1)
  3 quokkas
  A ball python (D:1)
  4 bats
  5 giant newts
  9 kobolds
  8 rats
  A butterfly (D:3)
  2 fungi (D:1)
73 creatures vanquished.

Notes
Turn   | Place    | Note
--------------------------------------------------------------
     0 | D:1      | Duraxyll the Human Berserker began the quest for the Orb.
     0 | D:1      | Reached XP level 1. HP: 18/18 MP: 1/1
   211 | D:1      | Reached XP level 2. HP: 20/24 MP: 2/2
   641 | D:1      | Reached XP level 3. HP: 28/29 MP: 3/3
   929 | D:2      | Reached ** piety under Trog
  1205 | D:2      | Reached XP level 4. HP: 36/36 MP: 4/4
  1231 | D:2      | Reached skill level 1 in Stealth
  1390 | D:2      | Found a stormy altar of Qazlal.
  1666 | D:2      | Noticed Terence
  1679 | D:2      | Killed Terence
  1829 | D:2      | Reached XP level 5. HP: 42/42 MP: 5/5
  1882 | D:2      | Found a sparkling altar of Nemelex Xobeh.
  1889 | D:2      | Found a bloodstained altar of Trog.
  1952 | D:3      | Found a bloodstained altar of Trog.
  2434 | D:3      | Found a shimmering altar of Xom.
  2545 | D:4      | Reached skill level 1 in Maces & Flails
  2659 | D:4      | Noticed a steam dragon
  2672 | D:4      | Reached XP level 6. HP: 34/48 MP: 6/6
  2678 | D:4      | Noticed an ogre
  2682 | D:4      | Killed a steam dragon
  2682 | D:4      | Engulfed by a cloud of steam

Skill      XL: |  1  2  3  4  5  6 |
---------------+-------------------+-----
Stealth        | 1 |  1.2
Dodging        | 3 4 |  4.1
Fighting       | 4 |  4.5
Maces & Flails | 1 |  1.8
Long Blades    | |  3.7
Armour         | |  2.8

Action                   |  1- 3 |  4- 6 || total
-------------------------+-------+-------++-------
Melee: Falchion          |   103 |       ||   103
       Mace              |    14 |   126 ||   140
Invok: Berserk           |       |     2 ||     2
 Stab: Sleeping          |     2 |     1 ||     3
       Distracted        |       |     1 ||     1
  Eat: Chunk             |     1 |     1 ||     2
       Bread ration      |       |     2 ||     2
Armor: Animal skin       |    17 |       ||    17
       Ring mail         |       |    61 ||    61
Dodge: Dodged            |    73 |   201 ||   274
